 Dungeon Crawl Stone Soup version 0.20.0-15-g7f486f2 (webtiles) character file.

56 Omegatherion the Chiller (level 3, 0/19 HPs)
             Began as a Gargoyle Ice Elementalist on June 23, 2017.
             Slain by a worm (8 damage)
             ... on level 1 of the Dungeon.
             The game lasted 00:04:15 (1243 turns).

Omegatherion the Chiller (GrIE)                     Turns: 1243, Time: 00:04:16

Health: 0/19       AC:  5    Str: 11    XL:     3   Next: 95%
Magic:  1/6        EV: 12    Int: 16    God:
Gold:   22         SH:  0    Dex: 10    Spells: 5/6 levels left

rFire    . . .     SeeInvis .   k - +0 mace
rCold    . . .     Gourm    .   (no shield)
rNeg     + . .     Faith    .   a - +0 robe
rPois    ∞         Spirit   .   (no helmet)
rElec    +         Reflect  .   (no cloak)
rCorr    .         Harm     .   (no gloves)
MR       .....                  (no boots)
Stlth    +++.......             (no amulet)
Regen    0.1/turn               i - ring of stealth
MPRegen  0.1/turn               (no ring)

@: no status effects
A: negative energy resistance 1, electricity resistance, unbreathing,
petrification resistance, rot immunity, AC +3
a: no special abilities


You were on level 1 of the Dungeon.
You were near starving.

You visited 1 branch of the dungeon, and saw 3 of its levels.

You collected 22 gold pieces.

Inventory:

Hand Weapons
 e - a +0 club
 k - a +0 mace (weapon)
 n - a +0 club
Armour
 a - a +0 robe (worn)
Jewellery
 i - a ring of stealth (left hand)
Scrolls
 g - a scroll of blinking {unknown}
 l - a scroll of identify {unknown}
Potions
 f - a potion of lignification {unknown}
 h - a potion of mutation {unknown}
 j - a potion of cancellation {unknown}
 m - a potion of flight {unknown}
Books
 b - a book of Frost

   Spells                             Type                      Level
   a - Freeze                         Ice                          1
   b - Throw Frost                    Conjuration/Ice              2
   c - Ozocubu's Armour               Charms/Ice                   3
   d - Throw Icicle                   Conjuration/Ice              4
   e - Summon Ice Beast               Ice/Summoning                4
Comestibles
 c - a bread ration
 d - a royal jelly


   Skills:
 + Level 2.1 Dodging
 + Level 3.0 Stealth
 + Level 2.2 Spellcasting
   Level 1.1 Conjurations
 * Level 3.7 Ice Magic


You had 5 spell levels left.
You knew the following spells:

 Your Spells              Type           Power        Failure   Level  Hunger
a - Freeze                Ice            ##..         4%          1    #......


Dungeon Overview and Level Annotations

Branches:
Dungeon (3/15)

Altars:

Annotations:
D:2 Sigmund, Terence


Innate Abilities, Weirdness & Mutations

You are resistant to torment.
Your stone body is resilient. (AC +3)
You are immune to poison.
You resist negative energy. (rN+)
You are resistant to electric shocks. (rElec)
You can survive without breathing.
You are immune to petrification.
You are immune to rotting.


Message History

Robin is heavily wounded.
Robin barely misses you.
You closely miss Robin.
Robin is heavily wounded.
Robin closely misses you.
You hit Robin.
Robin is severely wounded.
Robin hits you with a mace.
You hit Robin.
You kill Robin!
Your Stealth skill increases to level 3!
You hit the worm.
The worm is lightly wounded.
You completely miss the worm.
The worm is lightly wounded.
The worm barely misses you.
You completely miss the worm.
The worm is lightly wounded.
The worm bites you!
You die...

#.###.####......... #>#
#..............
#.###.####.####.###
##...## #.# #.# ##.## #.#
#.## #.# #÷# ##..##
######.# #.# #.....
#...##.# #.###..#..
#...w@.# #.##).##8#
#####>..#### #.##...#..
#...#)..#########.##...#..
#......................#..
#...#...####.####...#..#..
##.###.## #.###....#.....
#.# #.#####.##.....#.##8#
#.# #.#............#.##..
#.# #....##.##.....#.....


You could see a worm.

Vanquished Creatures
  Robin (D:1)
  A dart slug (D:1)
  2 giant cockroaches
  10 hobgoblins
  3 bats (D:1)
  A frilled lizard (D:2)
  13 goblins
  2 kobolds (D:1)
  6 rats
39 creatures vanquished.

Notes
Turn   | Place    | Note
-------+----------+-------------------------------------------
     0 | D:1      | Omegatherion the Gargoyle Ice Elementalist began the quest for the Orb.
     0 | D:1      | Reached XP level 1. HP: 10/10 MP: 3/3
   104 | D:1      | Reached XP level 2. HP: 15/15 MP: 1/5
   810 | D:1      | Reached XP level 3. HP: 19/19 MP: 6/6
   862 | D:2      | Noticed Sigmund
   862 | D:2      | Noticed Terence
   927 | D:2      | Noticed Robin
  1240 | D:1      | Killed Robin
  1243 | D:1      | Slain by a worm

Skill      XL: |  1  2  3 |
---------------+----------+-----
Dodging        | 2 |  2.1
Stealth        | 3 |  3.0
Spellcasting   | |  2.2
Conjurations   | |  1.1
Ice Magic      | |  3.7

Action                   || total
-------------------------++-------
Melee: Unarmed           ||    17
       Club              ||    31
       Mace              ||    35
 Cast: Freeze            ||    39
 Stab: Sleeping          ||     2
Armor: Robe              ||    44
Dodge: Dodged            ||    80
